 Dungeon Sprint DCSS version 0.31-a0-868-g674d60d6f7 (webtiles) character file.

Game seed: 9844980088883943337

16591 rocky1 the Stickfighter (level 12, -3/107 HPs)
             Began as a Formicid Fighter on Oct 12, 2023.
             Was an Initiate of Gozag.
             Slain by a deep troll (4 damage)
             ... in the Dungeon (Sprint IX: "|||||||||||||||||||||||||||||").
             The game lasted 00:07:01 (2600 turns).

rocky1 the Stickfighter (Formicid Fighter)          Turns: 2600, Time: 00:07:02

Health: -3/107     AC: 25    Str: 21    XL:     12   Next: 72%
Magic:  12/12      EV: 12    Int:  9    God:    Gozag
Gold:   1112       SH:  9    Dex: 23    Spells: 11/11 levels left

rFire   . . .        k - +2 scimitar (flame)
rCold   . . .        c - +0 buckler
rNeg    + . .        u - +5 plate armour "Dehezas" {rN+}
rPois   .            (helmet unavailable)
rElec   .            m - +0 cloak
rCorr   .            l - +0 pair of gloves
SInv    +            b - +0 pair of boots
Will    +....        n - amulet of the acrobat Stlth
                     s - +4 ring of slaying
HPRegen 0.37/turn    h - ring "Cemel" {Dex+6 SInv}
MPRegen 0.13/turn

%: acrobat
@: gold aura
A: permanent stasis, dig shafts and tunnels, antennae 3, four strong arms
a: Dig, Renounce Religion, Potion Petition, Call Merchant, Bribe Branch


You were in the Dungeon.
You worshipped Gozag.
Gozag was most pleased with you.
You visited 1 branch You collected 5121 gold pieces.
You spent 2566 gold pieces at shops.
You paid 1443 gold pieces to Gozag.

Inventory:

Hand Weapons
 k - a +2 scimitar of flaming (weapon)
 q - the +4 quarterstaff "Facvuma" {elec, SInv}
   (You found it in the Dungeon)

   SInv:      It lets you see invisible.
Missiles
 r - 8 poisoned darts
Armour
 b - a +0 pair of boots (worn)
 c - a +0 buckler (worn)
 l - a +0 pair of gloves (worn)
 m - a +0 cloak (worn)
 u - the +5 plate armour "Dehezas" (worn) {rN+}
   (You found it in the Dungeon)

   rN+:       It protects you from negative energy.
Jewellery
 h - the ring "Cemel" (right hand) {Dex+6 SInv}
   (You bought it in a shop in the Dungeon)

   [ring of see invisible]

   Dex+6:     It affects your dexterity (+6).
   SInv:      It lets you see invisible.
 n - an amulet of the acrobat (around neck)
 s - a +4 ring of slaying (left hand)
Wands
 d - a wand of roots (11)
 j - a wand of light (2) (quivered)
Scrolls
 i - 2 scrolls of amnesia
 t - 3 scrolls of fog
 v - 4 scrolls of enchant armour
 w - 2 scrolls of enchant weapon
Potions
 a - a potion of enlightenment
 e - 6 potions of curing
 f - a potion of mutation
 g - 4 potions of magic


   Skills:
 + Level 14.2 Fighting
 * Level 15.7 Long Blades
 - Level 16.4 Staves
 + Level 13.1 Armour
 * Level 8.2 Dodging
 - Level 3.4 Stealth
 + Level 13.5 Shields
 - Level 2.5 Evocations


You had 11 spell levels left.
You didn't know any spells.
Your spell library was empty.

Dungeon Overview and Level Annotations

Branches:
Dungeon (1/1)

Altars:
Cheibriados
Dithmenos
Elyvilon
Fedhas
Gozag
Hepliaklqana
Kikubaaqudgha
Makhleb
Nemelex Xobeh
Okawaru
Qazlal
Ru
Sif Muna
Trog
Uskayaw
Vehumet
Wu Jian
Xom
Yredelemnul
Zin
The Shining One
Jiyva
Lugonu

Shops:
D =(([[


Innate Abilities, Weirdness & Mutations

You cannot be hasted, slowed, berserked, paralysed or teleported.
You can dig through walls and to a lower floor.
You have a pair of large antennae on your head. (SInv)
Your four strong arms can wield two-handed weapons with a shield.


Message History

The iron troll claws you but does no damage.
You barely miss the iron troll.
The iron troll is moderately wounded.
You slice the iron troll!! You burn the iron troll.
The iron troll is severely wounded.
The iron troll bites you!
* * * LOW HITPOINT WARNING * * *
The iron troll claws you but does no damage. x2
You slash the iron troll! You burn the iron troll.
The iron troll is severely wounded.
You hit the iron troll. You burn the iron troll.
The iron troll is almost dead.
The iron troll bites you but does no damage.
You block the iron troll's attack. x2
You hit the iron troll. You burn the iron troll.
The iron troll is almost dead.
You slash the iron troll! You burn the iron troll.
You kill the iron troll!
You slash the deep troll! You burn the deep troll!
The deep troll is heavily wounded.
You block the deep troll's attack.
The deep troll claws you but does no damage.
The deep troll barely misses you.
You closely miss the deep troll.
The deep troll is heavily wounded.
The deep troll bites you but does no damage.
The deep troll claws you but does no damage.
The deep troll claws you.
* * * LOW HITPOINT WARNING * * *
You closely miss the deep troll.
The deep troll is heavily wounded.
You hit the deep troll. You burn the deep troll.
The deep troll is heavily wounded.
A troll comes into view.
The deep troll bites you!!
* * * LOW HITPOINT WARNING * * *
The deep troll claws you but does no damage.
The deep troll claws you.
You die...
Your body crumbles into a pile of gold.

▓_▓.▓.▓.▓.▓
▓_▓.▓.▓.▓.▓
▓_▓.▓.▓.▓$▓
▓'▓.▓'▓.▓$▓
▓.▓.▓.▓.▓$▓
▓?▓.▓.▓.▓$▓
{
▓)▓.▓.▓.▓$▓
{
▓.▓.▓.▓.▓$▓
{
▓.▓.▓.▓.▓@▓
{
▓.▓.▓.▓.▓T▓
{
▓.▓.▓.▓.▓T▓
{
▓.▓.▓.▓.▓T▓
{
▓.▓.▓.▓)▓∩▓
{
▓'▓.▓.▓)▓$▓
{
▓)▓.▓.▓.▓∩▓
{
▓.▓.▓)▓.▓T▓
{
▓.▓.▓'▓.▓,
{


You could see a deep troll and 3 trolls.

Vanquished Creatures
  A dire elephant (D)
  Erolcha (D)
  3 ogre magi (D)
  A two-headed ogre (D)
  2 orc high priests (D)
  An iron troll (D)
  A skyshark (D)
  4 deep trolls (D)
  A manticore (D)
  9 elephants (D)
  A cane toad (D)
  4 komodo dragons (D)
  2 trolls (D)
  A hornet (D)
  A dream sheep (D)
  A shadow (D)
  A wyvern (D)
  3 yaks (D)
  Grum (D)
  3 water moccasins (D)
  9 orc warriors (D)
  3 wolves (D)
  A kobold brigand (D)
  3 bullfrogs (D)
  4 orc priests (D)
  5 orc wizards (D)
  An adder (D)
  A shadow imp (D)
  9 orcs (D)
  2 goblins (D)
  2 kobolds (D)
  A quokka (D)
  A rat (D)
84 creatures vanquished.

Vanquished Creatures (others)
  2 centaur warriors (D)
  A slime creature (D)
3 creatures vanquished.

Grand Total: 87 creatures vanquished

Notes
Turn   | Place    | Note
-------+----------+-------------------------------------------
     0 | D        | rocky1 the Formicid Fighter began the quest for the Orb.
     0 | D        | Reached XP level 1. HP: 18/18 MP: 1/1
   128 | D        | Reached XP level 2. HP: 25/25 MP: 2/2
   136 | D        | Reached skill level 5 in Shields
   148 | D        | Reached XP level 3. HP: 19/31 MP: 3/3
   199 | D        | Found a snail-covered altar of Cheibriados.
   199 | D        | Found a shadowy altar of Dithmenos.
   199 | D        | Found a white marble altar of Elyvilon.
   199 | D        | Found a blossoming altar of Fedhas.
   199 | D        | Found an opulent altar of Gozag.
   200 | D        | Found a hazy altar of Hepliaklqana.
   201 | D        | Found a viscous altar of Jiyva.
   202 | D        | Found an ancient bone altar of Kikubaaqudgha.
   203 | D        | Found a corrupted altar of Lugonu.
   204 | D        | Found a burning altar of Makhleb.
   205 | D        | Found a sparkling altar of Nemelex Xobeh.
   206 | D        | Found an iron altar of Okawaru.
   207 | D        | Found a stormy altar of Qazlal.
   208 | D        | Found a sacrificial altar of Ru.
   209 | D        | Found a shimmering blue altar of Sif Muna.
   210 | D        | Found a bloodstained altar of Trog.
   211 | D        | Found a hide-covered altar of Uskayaw.
   212 | D        | Found a radiant altar of Vehumet.
   213 | D        | Found an ornate altar of the Wu Jian Council.
   214 | D        | Found a shimmering altar of Xom.
   215 | D        | Found a basalt altar of Yredelemnul.
   216 | D        | Found a glowing silver altar of Zin.
   217 | D        | Found a glowing golden altar of the Shining One.
   274 | D        | Got the +4 quarterstaff "Facvuma" {elec, SInv}
   282 | D        | Noticed an orc warrior
   282 | D        | Noticed a shadow
   282 | D        | Noticed a hornet
   282 | D        | Noticed a kobold brigand
   282 | D        | Noticed a yak
   284 | D        | Killed an orc warrior
   285 | D        | Reached skill level 5 in Fighting
   285 | D        | Reached skill level 5 in Long Blades
   285 | D        | Reached skill level 2 in Staves
   285 | D        | Reached skill level 5 in Armour
   285 | D        | Reached skill level 1 in Dodging
   285 | D        | Reached XP level 4. HP: 19/39 MP: 4/4
   285 | D        | Reached XP level 5. HP: 22/44 MP: 5/5
   289 | D        | Killed a shadow
   290 | D        | Reached skill level 4 in Staves
   290 | D        | Reached XP level 6. HP: 37/53 MP: 6/6
   306 | D        | Killed a hornet
   307 | D        | Reached skill level 5 in Staves
   307 | D        | Reached XP level 7. HP: 27/60 MP: 7/7
   313 | D        | Killed a yak
   314 | D        | Reached skill level 6 in Staves
   319 | D        | Reached skill level 7 in Staves
   320 | D        | Reached skill level 10 in Long Blades
   576 | D        | Noticed a slime creature
   576 | D        | Noticed a centaur warrior
   576 | D        | Noticed a troll
   576 | D        | Noticed a centaur warrior
   576 | D        | Noticed a manticore
   576 | D        | Noticed a two-headed ogre
   578 | D        | Killed a troll
   579 | D        | Reached XP level 8. HP: 67/67 MP: 8/8
   579 | D        | Killed a slime creature
   581 | D        | Killed a centaur warrior
   582 | D        | Reached skill level 8 in Staves
   583 | D        | Killed a centaur warrior
   584 | D        | Reached skill level 10 in Staves
   584 | D        | Reached skill level 1 in Evocations
   584 | D        | Reached XP level 9. HP: 20/75 MP: 9/9
   588 | D        | Killed a two-headed ogre
   589 | D        | Reached skill level 11 in Staves
   589 | D        | Killed a manticore
   944 | D        | Got the +5 plate armour "Dehezas" {rN+}
   968 | D        | Noticed a cane toad
   968 | D        | Noticed a komodo dragon
   972 | D        | Killed a cane toad
   973 | D        | Reached skill level 12 in Staves
   973 | D        | Noticed a komodo dragon
   979 | D        | Reached XP level 10. HP: 83/83 MP: 10/10
   983 | D        | Killed a komodo dragon
   984 | D        | Reached skill level 10 in Shields
   996 | D        | Reached skill level 13 in Staves
   997 | D        | Killed a komodo dragon
  1154 | D        | Became a worshipper of Gozag Ym Sagoz the Greedy
  1297 | D        | Noticed an elephant
  1297 | D        | Noticed a skyshark
  1297 | D        | Noticed a komodo dragon
  1297 | D        | Noticed an elephant
  1305 | D        | Killed an elephant
  1306 | D        | Reached skill level 14 in Staves
  1322 | D        | Noticed a komodo dragon
  1326 | D        | Killed a skyshark
  1343 | D        | Killed a komodo dragon
  1344 | D        | Reached skill level 10 in Fighting
  1344 | D        | Reached skill level 15 in Staves
  1350 | D        | Killed an elephant
  1351 | D        | Reached XP level 11. HP: 66/90 MP: 11/11
  1355 | D        | Reached skill level 1 in Stealth
  1525 | D        | Noticed an elephant
  1525 | D        | Noticed an elephant
  1525 | D        | Noticed an elephant
  1525 | D        | Noticed an elephant
  1525 | D        | Noticed an elephant
  1525 | D        | Noticed an elephant
  1526 | D        | Noticed a dire elephant
  1535 | D        | Killed an elephant
  1544 | D        | Killed an elephant
  1546 | D        | Noticed an elephant
  1560 | D        | Killed a dire elephant
  1561 | D        | Reached skill level 16 in Staves
  1561 | D        | Reached skill level 10 in Armour
  1634 | D        | HP: 2/92 [elephant (13)]
  1638 | D        | Killed an elephant
  1761 | D        | Killed an elephant
  2020 | D        | Killed an elephant
  2040 | D        | Killed an elephant
  2061 | D        | Killed an elephant
  2062 | D        | Reached skill level 5 in Dodging
  2133 | D        | Noticed Erolcha
  2137 | D        | Noticed Grum
  2145 | D        | Killed Erolcha
  2151 | D        | Killed Grum
  2287 | D        | Bought the ring "Cemel" {Dex+6 SInv} for 622 gold pieces
  2287 | D        | Bought an amulet of the acrobat for 540 gold pieces
  2287 | D        | Bought a +4 ring of slaying for 1404 gold pieces
  2313 | D        | Noticed an orc high priest
  2324 | D        | Noticed a sixfirhy
  2340 | D        | Noticed a sixfirhy
  2342 | D        | Killed an orc high priest
  2349 | D        | Reached XP level 12. HP: 54/103 MP: 12/12
  2494 | D        | Noticed an orc high priest
  2524 | D        | Killed an orc high priest
  2547 | D        | Found Igrug's Antique Weapon Emporium.
  2547 | D        | Noticed an ogre mage
  2547 | D        | Noticed a deep troll
  2547 | D        | Noticed an ogre mage
  2547 | D        | Noticed a deep troll
  2550 | D        | Noticed an ogre mage
  2551 | D        | Found Vutseke's Antique Weapon Shoppe.
  2551 | D        | Noticed a deep troll
  2553 | D        | Killed an ogre mage
  2554 | D        | Noticed a deep troll
  2556 | D        | Killed a deep troll
  2557 | D        | Found Teuclof's Antique Armour Emporium.
  2562 | D        | Killed an ogre mage
  2563 | D        | Reached skill level 15 in Long Blades
  2568 | D        | Killed a deep troll
  2570 | D        | Killed an ogre mage
  2571 | D        | Found Noilu's Antique Armour Shoppe.
  2573 | D        | Killed a deep troll
  2573 | D        | Noticed an iron troll
  2576 | D        | Noticed a deep troll
  2580 | D        | Killed a deep troll
  2596 | D        | Killed an iron troll
  2600 | D        | HP: 1/107 [deep troll (18)]
  2600 | D        | Slain by a deep troll

Illustrated notes

Levels and vault maps discovered:
D:        linesprint [early_d, line_temple, items_1, d_10, items_2, lair_1,
          lair_end, items_3, orc_1, orc_end, items_4, d_15, swamp_1, shoals_1,
          snake_1, spider_1, d_20, vaults_1, items_5, swamp_end, shoals_end,
          snake_end, spider_end, vaults_end, d_27, items_6, zot_1, zot_end,
          crypt_end, forest_end, elf_end, slime_end, tomb_end, abyss_end,
          pan_hell_end]

Skill      XL: |  1  2  3  4  5  6  7  8  9 10 11 12 |
---------------+-------------------------------------+-----
Fighting       | 4 5 6 7 8 9 10 12 14 | 14.2
Armour         | 4 5 6 7 8 9 11 13 | 13.1
Long Blades    | 3 5 7 9 10 11 12 13 14 15 | 15.7
Shields        | 5 6 7 8 9 10 12 13 | 13.5
Staves         | 2 4 5 7 10 12 15 16 | 16.4
Dodging        | 1 2 3 4 6 8 |  8.2
Evocations     | 1 2 |  2.5
Stealth        | 3 |  3.4

Action                     |  1- 3 |  4- 6 |  7- 9 | 10-12 || total
---------------------------+-------+-------+-------+-------++-------
  Melee: Long sword        |    37 |       |       |       ||    37
         Quarterstaff      |     1 |    18 |    24 |   185 ||   228
         Scimitar          |       |       |       |   113 ||   113
 Invoke: Call Merchant     |       |       |       |     1 ||     1
         Potion Petition   |       |       |       |     2 ||     2
  Evoke: Wand              |       |       |     8 |       ||     8
    Use: Potion            |       |     4 |     1 |     4 ||     9
   Stab: Distracted        |       |       |       |     2 ||     2
         Invisible         |       |       |       |     2 ||     2
 Armour: Scale mail        |    24 |       |       |       ||    24
         Ring mail         |       |    16 |    11 |       ||    27
         Plate armour      |       |       |     2 |   145 ||   147
  Dodge: Dodged            |     9 |     8 |     8 |    76 ||   101
  Block: Buckler           |    10 |     7 |     7 |    59 ||    83

Table legend: (Time is in decaauts)
 A = Elapsed time spent in this place.
 B = Non-inter-level travel time spent in this place.
 C = Inter-level travel time spent in this place.
 D = Time resting spent in this place.
 E = Time spent auto-exploring this place.
 F = Levels seen in this place.
 G = Mean time per level.
                   A        B        C        D        E       F      G
               +--------+--------+--------+--------+--------+-----+--------+
         Total |   2506 |   2234 |    272 |   1186 |      0 |   1 | 2506.0 |
       Dungeon |   2506 |   2234 |    272 |   1186 |      0 |   1 | 2506.0 |
               +--------+--------+--------+--------+--------+-----+--------+

Top non-repeatable levels by time:
       D: 2506 daAuts
